 Dungeon Crawl Stone Soup version 0.25.1-8-g42b30a86e7 (webtiles) character file.

Game seed: 4499234434614459007

5590 Abzac the Grappler (level 10, -3/94 HPs)
             Began as a Troll Fighter on Dec 13, 2020.
             Was a Priest of Okawaru.
             Slain by a black mamba (8 damage)
             ... on level 8 of the Dungeon.
             The game lasted 00:38:49 (8704 turns).

Abzac the Grappler (Troll Fighter)                  Turns: 8704, Time: 00:38:49

Health: -3/94      AC:  7    Str: 28    XL:     10   Next: 45%
Magic:  7/9        EV: 14    Int:  4    God:    Okawaru [***...]
Gold:   342        SH: 11    Dex: 10    Spells: 9/9 levels left

rFire    . . .     SeeInvis +     - Unarmed
rCold    . . .     Gourm    +   b - +0 kite shield
rNeg     . . .     Faith    .   I - +0 robe
rPois    .         Spirit   .   (helmet restricted)
rElec    .         Reflect  .   J - +0 cloak
rCorr    .         Harm     .   (gloves unavailable)
MR       .....                  (boots unavailable)
Stlth    +++.......             L - amulet of regeneration
HPRegen  1.05/turn              k - ring of see invisible
MPRegen  0.11/turn              (no ring)

@: lethally poisoned (-3 -> -8), heroism
A: large, unfitting armour, claws 3, fast metabolism 3, gourmand, regeneration
1, shaggy fur 1, tough skin 3
a: Heroism, Renounce Religion


You were on level 8 of the Dungeon.
You worshipped Okawaru.
Okawaru was most pleased with you.
You were completely stuffed.

You visited 3 branches of the dungeon, and saw 11 of its levels.
You also visited: Ossuary.

You collected 342 gold pieces.

Inventory:

Hand Weapons
 t - the +8 spear of the Open Hand {flame, Fragile rPois Dex+2, unknown}
   (You found it on level 4 of the Dungeon)

   It has been specially enchanted to burn those struck by it, causing extra
   injury to most foes and up to half again as much damage against particularly
   susceptible opponents.
   It affects your dexterity (+2).
   It protects you from poison.
   It will be destroyed if unequipped.
 N - a +2 vorpal hand crossbow
Armour
 a - a +0 robe
 b - a +0 kite shield (worn)
 r - a +0 ring mail of fire resistance
 H - a +0 crystal plate armour
 I - a +0 robe (worn)
 J - a +0 cloak (worn)
 M - a +0 pair of gloves
Jewellery
 k - a ring of see invisible (left claw)
 n - an uncursed amulet of the acrobat
 s - an uncursed amulet of faith
 A - an uncursed ring of wizardry
 L - an amulet of regeneration (around neck)
Wands
 p - a wand of polymorph (14)
 z - a wand of flame (2)
Scrolls
 e - 2 scrolls of teleportation
 f - 3 scrolls of fog {unknown}
 g - 3 scrolls of immolation {unknown}
 h - 3 scrolls of amnesia
 i - 3 scrolls of remove curse
 j - 3 scrolls of enchant weapon {unknown}
 q - a scroll of noise {unknown}
 u - a scroll of blinking {unknown}
 y - 2 scrolls of enchant armour
 B - 3 scrolls of identify
 E - a scroll of vulnerability {unknown}
Potions
 c - 8 potions of might
 l - a potion of magic
 o - 2 potions of invisibility
 v - 7 potions of flight
 w - 2 potions of stabbing {unknown}
 x - 2 potions of brilliance {unknown}
 C - a potion of curing
 D - a potion of mutation {unknown}
 F - a potion of cancellation {unknown}
 G - a potion of haste
 K - a potion of berserk rage {unknown}
 O - a potion of heal wounds {unknown}
Comestibles
 d - 17 rations
 m - 2 chunks of flesh


   Skills:
 + Level 4.5(9.5) Fighting
 - Level 6.3(11.3) Dodging
 + Level 2.0(7.0) Stealth
 - Level 2.4(7.4) Shields
 + Level 12.5(17.5) Unarmed Combat


You had 9 spell levels left.
You didn't know any spells.
Your spell library contained the following spells:

 Spells                   Type           Power        Failure   Level  Hunger
 Magic Dart               Conj           #...         63%         1    ##.....
 Searing Ray              Conj           #.....       77%         2    ###....
 Dazzling Flash           Conj/Hex       #.....       94%         3    ####...
 Fulminant Prism          Conj/Hex       #.........   100%        4    #####..
 Iskenderun's Mystic Bla  Conj/Tloc      #.......     100%        4    #####..


Dungeon Overview and Level Annotations

Branches:
Dungeon (8/15)             Temple (1/1) D:4            Lair (2/6) D:8
Ossuary (visited)
  Swamp: Lair:2-4    Shoals: Lair:2-4     Snake: Lair:2-4    Spider: Lair:2-4

Altars:
Ashenzari
Cheibriados
Dithmenos
Fedhas
Gozag
Kikubaaqudgha
Makhleb
Nemelex Xobeh
Okawaru
Qazlal
Ru
Sif Muna
Uskayaw
Vehumet
Xom
Yredelemnul
Zin
The Shining One

Shops:
D:2 *   D:7 (?


Innate Abilities, Weirdness & Mutations

You are too large for most types of armour.
You have claws for hands.
Your metabolism is lightning-fast.
You like to eat raw meat.
Your natural rate of healing is unusually fast.
You are covered in fur. (AC +1)
You have extremely tough skin. (AC +3)


Message History

You claw the black mamba!
The black mamba is lightly wounded.
The black mamba bites you.
* * * LOW HITPOINT WARNING * * *
You are more poisoned.
The black mamba poisons you! You block the black mamba's attack.
You claw the black mamba!
The black mamba is heavily wounded.
You feel sick. The black mamba bites you!
* * * LOW HITPOINT WARNING * * *
You closely miss the black mamba.
The black mamba is heavily wounded.
You feel sick. The black mamba bites you.
* * * LOW HITPOINT WARNING * * *
The black mamba bites you.
* * * LOW HITPOINT WARNING * * *
You gain the combat prowess of a mighty hero.
* * * LOW HITPOINT WARNING * * *
You feel sick. The black mamba bites you!
You die...

..... .....#
##########.#.##
#.#..# .............#
#.#..# .....###....#
#.#..#
.#...≈...#.#####.#..#
#..#...#..#......#..#
#.##PP.##.#.......<.#
#..PS.P...###########
#≈...@PP.≈#...#
#..PPPP...#.#.####
#.##...##.#.<.....
##..#...#..#...##
#.#...≈...#.....##
#....###.........#
#.....[.....##...#
##...##...####...#
#...##...# #...#


You could see a black mamba.

Vanquished Creatures
  A spiny frog (Lair:1)
  2 komodo dragons (Lair:1)
  2 hippogriffs
  A hungry ghost (D:7)
  3 yaks (Lair:1)
  2 basilisks (Lair:1)
  An ice beast (D:7)
  2 orc warriors
  An ogre (D:6)
  2 phantoms
  5 wolves (Lair:1)
  2 crocodiles (Lair:1)
  3 centaurs
  2 gnoll sergeants
  7 bullfrogs
  8 scorpions
  5 killer bees
  An electric eel (Lair:1)
  A jelly (D:6)
  A centaur zombie (Ossuary)
  5 hounds
  3 human zombies (Ossuary)
  2 orc priests
  A gnoll shaman (D:4)
  An orc wizard (D:5)
  A bullfrog skeleton (D:6)
  Jessica (D:3)
  An iguana (D:5)
  Ijyb (D:3)
  3 worker ants
  A hound skeleton (D:7)
  3 mummies (Ossuary)
  20 gnolls
  A worker ant zombie (D:5)
  12 adders
  A howler monkey skeleton (D:6)
  3 scorpion zombies (Ossuary)
  3 shadow imps
  2 oozes
  2 adder skeletons
  2 dart slugs
  3 leopard geckos (D:5)
  19 orcs
  A ball python (D:1)
  4 giant cockroaches
  3 goblins
  11 hobgoblins
  15 jackals
  7 kobolds
  A quokka (D:3)
  5 bats
  9 frilled lizards
  2 gnoll zombies (Ossuary)
  2 goblin zombies (Ossuary)
  3 hobgoblin zombies (Ossuary)
  2 kobold zombies (Ossuary)
  3 orc zombies (Ossuary)
  6 rats
  A plant (D:1)
218 creatures vanquished.

Notes
Turn   | Place    | Note
-------+----------+-------------------------------------------
     0 | D:1      | Abzac the Troll Fighter began the quest for the Orb.
     0 | D:1      | Reached XP level 1. HP: 22/22 MP: 0/0
     9 | D:1      | You fall into a shaft and drop 1 floor!
    85 | D:2      | Found an opulent altar of Gozag.
    89 | D:2      | Found Gozag's Platinum Reserve.
   192 | D:2      | Reached XP level 2. HP: 28/29 MP: 1/1
   390 | D:1      | Reached XP level 3. HP: 33/36 MP: 2/2
   458 | D:1      | You fall into a shaft and drop 1 floor!
   458 | D:2      | Found an ancient bone altar of Kikubaaqudgha.
   556 | D:2      | Reached XP level 4. HP: 38/45 MP: 3/3
   826 | D:1      | Reached skill level 3 in Unarmed Combat
  1330 | D:3      | Reached XP level 5. HP: 53/53 MP: 4/4
  1345 | D:3      | Noticed Jessica
  1350 | D:3      | Killed Jessica
  1503 | D:3      | Found a shattered altar of Ashenzari.
  1685 | D:3      | Reached skill level 4 in Unarmed Combat
  1896 | D:3      | Noticed Ijyb
  1899 | D:3      | Killed Ijyb
  2073 | D:3      | Reached XP level 6. HP: 61/61 MP: 5/5
  2309 | D:4      | Got a warped spear
  2349 | D:4      | Found a staircase to the Ecumenical Temple.
  2404 | Temple   | Entered the Ecumenical Temple
  2426 | Temple   | Became a worshipper of Warmaster Okawaru
  2988 | D:4      | Reached skill level 5 in Unarmed Combat
  3068 | D:4      | Reached XP level 7. HP: 61/67 MP: 6/6
  3612 | D:5      | Entered Level 5 of the Dungeon
  3884 | D:5      | Reached * piety under Okawaru
  3884 | D:5      | Reached skill level 6 in Unarmed Combat
  4033 | D:5      | Found a sand-covered staircase.
  4038 | Ossuary  | Entered an ossuary
  4129 | Ossuary  | Reached skill level 1 in Stealth
  4383 | Ossuary  | Reached XP level 8. HP: 71/78 MP: 7/7
  4395 | Ossuary  | Reached skill level 7 in Unarmed Combat
  4433 | Ossuary  | Reached ** piety under Okawaru
  4669 | D:5      | Found a stormy altar of Qazlal.
  4671 | D:5      | Found a glowing golden altar of the Shining One.
  5379 | D:6      | Reached skill level 8 in Unarmed Combat
  5600 | D:6      | Reached skill level 5 in Dodging
  5796 | D:6      | Found a burning altar of Makhleb.
  5844 | D:6      | Reached *** piety under Okawaru
  5844 | D:6      | Reached skill level 9 in Unarmed Combat
  6013 | D:6      | Reached XP level 9. HP: 68/85 MP: 8/8
  6182 | D:7      | Found Ijoc's Magic Scroll Shop.
  6399 | D:7      | Reached skill level 10 in Unarmed Combat
  6405 | D:7      | Reached **** piety under Okawaru
  6578 | D:7      | Found a glowing silver altar of Zin.
  6812 | D:7      | Found Zar Imp's Weapon Shop.
  6819 | D:7      | Found a blossoming altar of Fedhas.
  7113 | D:7      | Found a shimmering blue altar of Sif Muna.
  7212 | D:8      | Found a staircase to the Lair.
  7273 | Lair:1   | Entered Level 1 of the Lair of Beasts
  7312 | Lair:1   | Reached ***** piety under Okawaru
  7312 | Lair:1   | Reached skill level 11 in Unarmed Combat
  7494 | Lair:1   | Noticed a komodo dragon
  7500 | Lair:1   | Killed a komodo dragon
  7509 | Lair:1   | Reached XP level 10. HP: 66/94 MP: 9/9
  8115 | Lair:1   | Reached skill level 12 in Unarmed Combat
  8141 | Lair:1   | Noticed a spiny frog
  8150 | Lair:1   | Killed a spiny frog
  8549 | Lair:2   | Noticed a black mamba
  8561 | Lair:1   | Received a gift from Okawaru
  8704 | D:8      | Slain by a black mamba

Illustrated notes

Levels and vault maps discovered:
D:1:      minmay_arrival_semitransparent, layout_rooms,
          corexii_item_surrounded_by_moat, serial_bayou_pond_a
D:2:      layout_basic, overflow_temple_1_default,
          nicolae_gozag_zags_fifth_avenue, minivault_14
D:3:      layout_basic, ashenzari_altar_1, uniq_ijyb, uniq_jessica
D:4:      layout_layer_cave, minmay_temple_entry_junction, first_ration,
          minmay_misc_feat_five
D:5:      layout_loops_corners, chequers_temple_overflow_statue_of_worship,
          enter_ossuary_5
D:6:      minmay_cornered_nines, layout_loops_ring, kennysheep_little_box,
          kennysheep_generic_room_4
D:7:      layout_basic, kennysheep_mini, lemuel_round_altar, zin_statuary,
          serial_shops, shop, nicolae_shop_crystal, minmay_checkerbox
D:8:      kennysheep_steamy, layout_basic, dpeg_oklobed_lair, serial_shops,
          nicolae_shop_crystal, hangedman_pestilent_swarm,
          kennysheep_generic_room_2
Temple:   zaba_magenta_temple
Lair:1:   layout_regular_city, enter_volcano_2, serial_bayou_ford_a
Lair:2:   layout_roguey, minmay_shoals_entry_beasts, minivault_26,
          lemuel_old_faithful, uniq_nergalle

Skill      XL: |  1  2  3  4  5  6  7  8  9 10 |
---------------+-------------------------------+-----
Dodging        | 3 4 5 6 |  6.3
Fighting       | 3 4 |  4.5
Unarmed Combat | 3 4 5 6 9 11 12 | 12.5
Stealth        | 1 2 |  2.0
Shields        | |  2.4

Action                   |  1- 3 |  4- 6 |  7- 9 | 10-12 || total
-------------------------+-------+-------+-------+-------++-------
Melee: Unarmed           |    88 |   206 |   411 |    78 ||   783
Invok: Heroism           |       |       |     1 |     1 ||     2
  Use: Scroll            |       |     5 |     6 |     1 ||    12
       Potion            |       |     2 |     5 |       ||     7
 Stab: Sleeping          |     1 |       |     3 |       ||     4
  Eat: Chunk             |    11 |    22 |    41 |    15 ||    89
       Ration            |       |       |     1 |       ||     1
Armor: Robe              |    39 |    59 |    81 |    19 ||   198
Dodge: Dodged            |    35 |    57 |   113 |    55 ||   260
Block: Kite shield       |    45 |    77 |   158 |    57 ||   337
